 Dungeon Crawl Stone Soup version 0.28.0-53-g5a82cb258f (webtiles) character file.

Game seed: 2956547396486120165

88 little579 the Chopper (level 4, -8/40 HPs)
             Began as a Hill Orc Monk on July 9, 2022.
             Killed by divine providence
             ... invoked by an orc priest
              (9 damage)
             ... on level 3 of the Dungeon.
             The game lasted 00:21:45 (3258 turns).

little579 the Chopper (Hill Orc Monk)               Turns: 3258, Time: 00:21:46

Health: -8/40      AC:  3    Str: 15    XL:     4   Next: 53%
Magic:  4/4        EV: 12    Int: 10    God:
Gold:   111        SH:  0    Dex: 13    Spells: 3/3 levels left

rFire   . . .      SeeInvis .   a - +0 hand axe
rCold   . . .      Faith    .   (no shield)
rNeg    . . .      Spirit   .   f - +0 leather armour
rPois   .          Reflect  .   (no helmet)
rElec   .          Harm     .   (no cloak)
rCorr   .          Rampage  .   (no gloves)
Will    .....                   (no boots)
Stlth   ++........              (no amulet)
HPRegen 0.13/turn               (no ring)
MPRegen 0.09/turn               (no ring)

@: no status effects
A: no striking features
a: Convert to Beogh


You were on level 3 of the Dungeon.
You visited 1 branch of the dungeon, and saw 3 of its levels.

You collected 111 gold pieces.

Inventory:

Hand Weapons
 a - a +0 hand axe (weapon)
 c - a +0 club
 g - a +0 club
 j - a +0 club
 k - a +0 dagger
 m - a +0 whip
 o - a +0 whip
 q - a +0 flail
 r - a +0 hunting sling
 s - a +0 dagger
 t - a +0 short sword
 w - a +0 dagger
Missiles
 e - 85 stones (quivered)
 n - 29 sling bullets
Armour
 b - a +0 robe
 f - a +0 leather armour (worn)
 x - a +0 leather armour
Scrolls
 h - a scroll of amnesia {unknown}
 u - a scroll of enchant weapon {unknown}
 v - 3 scrolls of fear {unknown}
Potions
 d - a potion of brilliance {unknown}
 i - a potion of heal wounds {unknown}
 l - a potion of ambrosia {unknown}
 p - a potion of resistance {unknown}


   Skills:
 + Level 4.2 Fighting
 + Level 5.0 Axes
 + Level 1.4 Armour
 + Level 3.0 Dodging
 + Level 1.8 Stealth


You had 3 spell levels left.
You didn't know any spells.
Your spell library contained the following spells:

 Spells                   Type           Power      Damage    Failure   Level
 Ignite Poison            Fire/Tmut/Pois 0%         N/A       80%         3
 Mephitic Cloud           Conj/Pois/Air  0%         N/A       80%         3
 Freezing Cloud           Conj/Ice/Air   0%         6-21      100%        5


Dungeon Overview and Level Annotations

Branches:
Dungeon (3/15)

Altars:
Xom

Annotations:
D:1 1 exclusion
D:3 1 transporter, exclusion: downstairs, jiml777's ghost, amateur GnWr


Message History

The orc closely misses you.
The orc priest calls upon Beogh to heal the orc.
The orc's wounds heal themselves!
The orc priest miscasts a cantrip.
The orc hits you with a +0 dagger.
You hit the orc but do no damage. The orc hits you with a +0 dagger.
You hit the orc but do no damage.
The orc priest looks braver for a moment.
The orc hits you with a +0 dagger.
You hit the orc but do no damage. The orc completely misses you.
You hit the orc but do no damage. The orc closely misses you.
You hit the orc.
The orc is moderately wounded.
The orc hits you with a +0 dagger.
You hit the orc. You punch the orc.
You kill the orc!
You hit the orc priest.
The orc priest is moderately wounded.
The orc priest shouts, "Beogh is our master!
Accept the truth or die!"
The orc priest hits you with a +0 club.
* * * LOW HITPOINT WARNING * * *
You hit the orc priest.
The orc priest is severely wounded.
The orc priest calls down the wrath of Beogh upon you.
Pain shoots through your body!
* * * LOW HITPOINT WARNING * * *
You hit the orc priest.
The orc priest is severely wounded.
The orc priest mumbles some strange prayers to Beogh against you.
Pain shoots through your body!
* * * LOW HITPOINT WARNING * * *
You barely miss the orc priest.
The orc priest is severely wounded.
The orc priest hits you with a +0 club.
* * * LOW HITPOINT WARNING * * *
You hit the orc priest but do no damage.
The orc priest is severely wounded.
The orc priest invokes the aid of Beogh against you.
Beogh smites you!
You die...

...# #..# #..# #..#
#..# #..# #..#######
#...†o@..# Z.
#..#..#####.#### ...
#).#..##.......#
##...##..#..##.......#
(........#.o##.......#
.... ....#..##.......#
##########o.##.......#
...©........##.......#
.....oo.o...##...[...#


You could see an orc priest.

Vanquished Creatures
  2 adders
  3 worms (D:2)
  A dart slug (D:1)
  2 orcs (D:3)
  4 ball pythons
  3 endoplasms (D:1)
  A giant cockroach (D:1)
  7 goblins
  5 hobgoblins
  7 jackals
  3 kobolds
  2 quokkas (D:2)
  5 bats (D:1)
  A frilled lizard (D:1)
  3 rats
49 creatures vanquished.

Notes
Turn   | Place    | Note
-------+----------+-------------------------------------------
     0 | D:1      | little579 the Hill Orc Monk began the quest for the Orb.
     0 | D:1      | Reached XP level 1. HP: 19/19 MP: 1/1
   297 | D:1      | Reached XP level 2. HP: 25/27 MP: 2/2
   570 | D:1      | Reached XP level 3. HP: 9/33 MP: 3/3
   851 | D:1      | Found a faded altar of an unknown god.
  1572 | D:2      | Reached skill level 1 in Armour
  2358 | D:2      | Reached XP level 4. HP: 36/40 MP: 4/4
  2472 | D:2      | Found a shimmering altar of Xom.
  2855 | D:3      | Reached skill level 5 in Axes
  3218 | D:3      | Found a transporter.
  3221 | D:3      | Noticed jiml777's ghost (amateur GnWr)
  3257 | D:3      | HP: 1/40 [orc priest/+0 club (3)]
  3258 | D:3      | Killed from afar by an orc priest

Illustrated notes

Levels and vault maps discovered:
D:1:      dpeg_arrival_yet_another_circle, layout_loops_cross,
          hellmonk_ecumenical_altar_arch_garden, columned_hall_lemuel
D:2:      layout_loops_ring, basic_altar
D:3:      layout_loops_ring, gammafunk_ghost_mausoleum

Skill      XL: |  1  2  3  4 |
---------------+-------------+-----
Fighting       | 4 |  4.2
Armour         | 1 |  1.4
Dodging        | 3 |  3.0
Axes           | 5 |  5.0
Stealth        | |  1.8

Action                   |  1- 3 |  4- 6 || total
-------------------------+-------+-------++-------
Melee: Hand axe          |   131 |    51 ||   182
       Punch             |     3 |     2 ||     5
Throw: Stone             |    11 |       ||    11
 Stab: Sleeping          |     3 |     2 ||     5
Armor: Robe              |     1 |       ||     1
       Leather armour    |    20 |     6 ||    26
Dodge: Dodged            |    86 |    23 ||   109
